 Dungeon Crawl Stone Soup version 0.32-a0-898-g7811c86cf0 (webtiles) character file.

Game seed: 10804352477824003963

27688 dialectric the Cleaver (level 13, -6/103 HPs)
             Began as a Coglin Artificer on Apr 5, 2024.
             Mangled by Jaeprux's ghost (26 damage)
             ... on level 1 of the Orcish Mines.
             The game lasted 00:29:37 (16189 turns).

dialectric the Cleaver (Coglin Artificer)          Turns: 16189, Time: 00:29:38

Health: -6/103     AC: 22    Str: 17    XL:     13   Next: 34%
Magic:  13/13      EV: 15    Int: 11    God:
Gold:   927        SH:  0    Dex: 15    Spells: 12/12 levels left

rFire   + . .        j - +8 war axe of the Stork {protect, rElec Str+4}
rCold   + + .        q - +8 rapier "Ipoec" {elec, rC++ Str-4}
rNeg    . . .        B - +3 leather armour {rF+}
rPois   .            p - +2 helmet
rElec   +            L - +1 cloak
rCorr   .            (no gloves)
SInv    .            E - +1 pair of boots
Will    .....        (amulet unavailable)
Stlth   ++           (ring unavailable)
HPRegen 0.37/turn    (ring unavailable)
MPRegen 0.13/turn    (no gizmo)

%: no passive effects
@: about to teleport, under a protective aura, studying 2 skills, revved
A: off-hand wielding, slow wielding, warmup strikes, no jewellery
a: Invent Gizmo


You were on level 1 of the Orcish Mines.
You visited 4 branches of the dungeon, and saw 18 of its levels.

You collected 1273 gold pieces.
You spent 346 gold pieces at shops.

Inventory:

Hand Weapons
 j - the +8 war axe of the Stork (weapon) {protect, rElec Str+4}
   (You found it on level 14 of the Dungeon)

   Str+4:     It affects your strength (+4).
   rElec:     It insulates you from electricity.
 q - the +8 rapier "Ipoec" (offhand) {elec, rC++ Str-4}
   (You took it off a hobgoblin on level 2 of the Dungeon)

   Str-4:     It affects your strength (-4).
   rC++:      It greatly protects you from cold.
 I - a +1 war axe of freezing {Zoran}
Missiles
 f - 67 poisoned darts
 i - 5 curare-tipped darts
 y - a throwing net
Armour
 b - the +1 robe "Ysepuewu" {rPois Dex+2 Stlth+}
   (You found it on level 7 of the Dungeon)

   Dex+2:     It affects your dexterity (+2).
   rPois:     It protects you from poison.
   Stlth+:    It makes you more stealthy.
 p - a +2 helmet (worn)
 B - a +3 leather armour of fire resistance (worn)
 E - a +1 pair of boots (worn)
 J - +0 swamp dragon scales
 L - a +1 cloak (worn)
Wands
 c - a wand of flame (7) (quivered)
 d - a wand of charming (9)
 e - a wand of iceblast (1)
 n - a wand of quicksilver (4)
 H - a wand of polymorph (12)
 K - a wand of mindburst (3)
 N - a wand of warping (2)
Scrolls
 g - a scroll of teleportation
 h - a scroll of brand weapon
 m - 4 scrolls of enchant armour
 r - a scroll of fog
 A - a scroll of amnesia
 C - 4 scrolls of immolation
 D - 2 scrolls of vulnerability {unknown}
 M - a scroll of enchant weapon
 O - a scroll of revelation {unknown}
Potions
 a - a potion of cancellation
 l - 2 potions of invisibility
 o - 2 potions of mutation
 s - a potion of berserk rage
 t - 3 potions of enlightenment
 u - 2 potions of haste
 v - 2 potions of curing
 w - 3 potions of might
 x - 2 potions of heal wounds
 z - 2 potions of brilliance
 F - a potion of lignification
 G - a potion of magic


   Skills:
 + Level 10.2 Fighting
 - Level 5.2 Short Blades
 * Level 11.4 Axes
 + Level 9.3 Armour
 + Level 9.1 Dodging
 - Level 2.0 Stealth
 + Level 9.5 Evocations


You had 12 spell levels left.
You didn't know any spells.
Your spell library contained the following spells:

 Spells                   Type           Power      Damage    Failure   Level
 Foxfire                  Conj/Fire      0%         2x1d4     38%         1
 Lesser Beckoning         Tloc           0%         N/A       52%         2
 Sublimation of Blood     Necr           0%         N/A       52%         2
 Maxwell's Portable Pile  Tloc           0%         2d(5-13)  77%         3
 Teleport Other           Tloc           0%         N/A       77%         3
 Petrify                  Alch/Erth      0%         N/A       99%         4
 Irradiate                Conj/Alch      0%         3d11      100%        5
 Plasma Beam              Fire/Air       0%         2x1d10    100%        6
 Starburst                Conj/Fire      0%         6d3       100%        6


Dungeon Overview and Level Annotations

Branches:
Dungeon (14/15)            Temple (1/1) D:5            Lair (1/5) D:8
    Orc (2/2) D:10
    Elf: Orc:2       Vaults: D:13-14

Altars:
Ashenzari
Cheibriados
Dithmenos
Gozag
Hepliaklqana
Kikubaaqudgha
Makhleb
Nemelex Xobeh
Okawaru
Qazlal
Ru
Sif Muna
Trog
Uskayaw
Vehumet
Wu Jian
Xom
Yredelemnul
Zin
The Shining One

Shops:
D:3 !   D:8 =   D:9 *   D:14 (   Orc:1 *

Annotations:
D:4 Sigmund
D:8 Jeremiah
Lair:1 Harold, Nergalle
Orc:1 Jaeprux's ghost, journeyman MiFi


Innate Abilities, Weirdness & Mutations

You can wield a second weapon in your off-hand.
It takes a long time for you to wield or remove held weapons.
Your first few attacks do less damage.
You cannot equip rings or amulets.


Message History

You slash the orc warrior with the +8 war axe of the Stork!
The orc warrior hits you but does no damage.
Jaeprux's ghost says, "Ah, a second chance to prove myself in battle!"
Jaeprux's ghost hits you but does no damage.
You hit Jaeprux's ghost with the +8 war axe of the Stork.
Jaeprux's ghost is lightly damaged.
You hit the orc warrior with the +8 war axe of the Stork.
You hit Jaeprux's ghost with the +8 rapier "Ipoec".
Lightning courses through Jaeprux's ghost!
The orc warrior closely misses you. Jaeprux's ghost hits you!!
Jaeprux's ghost burns you.
You hit Jaeprux's ghost but do no damage.
Jaeprux's ghost is lightly damaged.
You hit Jaeprux's ghost with the +8 war axe of the Stork.
You barely miss the orc warrior with the +8 war axe of the Stork.
The orc warrior barely misses you. Jaeprux's ghost closely misses you.
You puncture Jaeprux's ghost with the +8 rapier "Ipoec"!
Lightning courses through Jaeprux's ghost!!
Jaeprux's ghost is heavily damaged.
You slash Jaeprux's ghost with the +8 war axe of the Stork!
You hit the orc warrior with the +8 war axe of the Stork.
The orc warrior barely misses you. Jaeprux's ghost hits you!!
Jaeprux's ghost burns you.
You hit Jaeprux's ghost but do no damage.
Jaeprux's ghost is heavily damaged.
You hit Jaeprux's ghost with the +8 war axe of the Stork.
You hit the orc warrior with the +8 war axe of the Stork.
The orc warrior hits you but does no damage.
Unknown command.
You are too injured to fight recklessly!
Unknown command.
Jaeprux's ghost whispers, "The ORB doesn't exist."
Jaeprux's ghost attacks as it pursues you!
Jaeprux's ghost hits you!
* * * LOW HITPOINT WARNING * * *
As you read the scroll of teleportation, it crumbles to dust.
You feel strangely unstable.
Jaeprux's ghost screams, "Zot is a myth, the ORB is a fable, you'll soon be a tale!"
Jaeprux's ghost hits you!!
You die...

.....................[##
......#..............[.#
...................)[)##
........#......#......##
...#....#..............#
...#..................##
.......................#
..........#...)o)......#
..............)W@.....##
...........##§######...#
...........#§§§#.#∩##.##
...........#§§§#.#'##)##
#........#.#§§§#....)..#
.#......########...[[..#
.#........####.#...)..##
................#....##
......................##


You could see an orc warrior and Jaeprux's ghost.

Vanquished Creatures
  A boulder beetle (D:13)
  2 centaur warriors (D:13)
  4 two-headed ogres
  Sonja (D:11)
  An orc knight (D:10)
  An orc sorcerer (Orc:2)
  An ugly thing (D:12)
  Maurice (D:8)
  4 cyclopes
  A kobold blastminer (Orc:2)
  2 cane toads (Lair:1)
  Maggie (D:8)
  4 kobold demonologists
  2 komodo dragons (Lair:1)
  Psyche (D:8)
  4 trolls
  A polar bear (D:8)
  3 blink frogs (Lair:1)
  10 slime creatures
  3 centaur simulacra (D:12)
  14 yaks
  A shadow (D:9)
  2 wyverns
  Eustachio (D:5)
  9 vampire mosquitoes
  3 wargs
  Menkaure (D:4)
  2 acid dragons
  3 water moccasins
  2 black bears
  6 ice beasts
  A sky beast (D:6)
  17 orc warriors
  2 centaurs
  9 ogres
  4 wolves (D:8)
  8 kobold brigands
  5 bullfrogs
  Blork the orc (D:5)
  6 scorpions
  7 gnoll sergeants
  11 wights
  10 killer bees
  2 howler monkeys
  2 bombardier beetles
  12 orc priests
  A gnoll bouda (D:8)
  5 jellies
  4 hounds
  A sleepcap (D:4)
  3 iguanas
  18 orc wizards
  2 hound zombies (D:3)
  26 gnolls
  7 adders
  4 shadow imps
  3 white imps
  2 ufetubi (D:11)
  3 dart slugs
  3 ribbon worms
  70 orcs
  9 endoplasms
  3 giant cockroaches
  10 goblins
  15 hobgoblins
  A jackal (D:1)
  30 kobolds
  6 quokkas
  9 ball pythons
  6 bats
  3 frilled lizards
  A quokka skeleton (D:3)
  A quokka zombie (D:3)
  10 rats
445 creatures vanquished.

Vanquished Creatures (collateral kills)
  A slime creature (D:12)
  A yak (D:11)
  An ice beast (D:8)
  An orc wizard (D:8)
4 creatures vanquished.

Vanquished Creatures (others)
  A two-headed ogre (D:12)
  A harpy (Lair:1)
  A rime drake (D:8)
  A hornet (D:11)
  An orc warrior (D:8)
  A black bear (D:7)
  8 killer bees
14 creatures vanquished.

Grand Total: 463 creatures vanquished

Notes
Turn   | Place    | Note
-------+----------+-------------------------------------------
     0 | D:1      | dialectric the Coglin Artificer began the quest for the
                  | Orb.
     0 | D:1      | Reached XP level 1. HP: 15/15 MP: 1/1
   218 | D:1      | Reached skill level 1 in Dodging
   218 | D:1      | Reached skill level 1 in Stealth
   224 | D:1      | Reached XP level 2. HP: 16/21 MP: 2/2
   575 | D:1      | Reached XP level 3. HP: 25/26 MP: 3/3
   666 | D:1      | Reached skill level 1 in Axes
  1163 | D:2      | Identified the +8 rapier "Ipoec" {elec, rC++ Str-4}
  1226 | D:2      | Reached XP level 4. HP: 32/33 MP: 4/4
  1653 | D:3      | Noticed a scorpion
  1658 | D:3      | Killed a scorpion
  1659 | D:3      | Reached XP level 5. HP: 33/38 MP: 5/5
  1857 | D:3      | Found a faded altar of an unknown god.
  1884 | D:3      | Reached skill level 2 in Axes
  2189 | D:3      | Found Ziediam's Distillery.
  2198 | D:3      | Bought a potion of curing for 39 gold pieces
  2198 | D:3      | Bought a potion of curing for 39 gold pieces
  2198 | D:3      | Bought a potion of might for 52 gold pieces
  2219 | D:3      | Reached skill level 1 in Short Blades
  2355 | D:4      | Reached XP level 6. HP: 46/46 MP: 6/6
  2429 | D:4      | Reached skill level 5 in Evocations
  2780 | D:4      | Noticed Sigmund
  2805 | D:5      | Entered Level 5 of the Dungeon
  2908 | D:5      | Reached XP level 7. HP: 31/51 MP: 7/7
  3019 | D:5      | Found a staircase to the Ecumenical Temple.
  3028 | Temple   | Entered the Ecumenical Temple
  3100 | D:5      | Identified the +8 hand cannon of Instant Death {heavy, rF-
                  | MP+9 Str-5 SInv}
  3160 | D:5      | Noticed Blork the orc
  3172 | D:5      | Killed Blork the orc
  3306 | D:5      | Noticed Eustachio
  3320 | D:5      | Killed Eustachio
  3321 | D:5      | Reached skill level 3 in Axes
  3574 | D:4      | Noticed Menkaure
  3578 | D:4      | Killed Menkaure
  3579 | D:4      | Reached XP level 8. HP: 45/60 MP: 8/8
  4467 | D:6      | Reached skill level 4 in Axes
  4500 | D:6      | Reached skill level 5 in Fighting
  4668 | D:6      | Reached XP level 9. HP: 53/68 MP: 9/9
  5264 | D:7      | Identified the +1 robe "Ysepuewu" {rPois Dex+2 Stlth+}
  5286 | D:7      | Noticed a cyclops
  5313 | D:7      | Killed a cyclops
  5333 | D:7      | Reached skill level 5 in Axes
  5594 | D:7      | Reached skill level 5 in Armour
  5746 | D:6      | Reached XP level 10. HP: 60/77 MP: 10/10
  6431 | D:8      | Noticed Jeremiah
  6881 | D:8      | Noticed a two-headed ogre
  6887 | D:8      | Reached skill level 5 in Dodging
  6896 | D:8      | Killed a two-headed ogre
  6897 | D:8      | Reached skill level 5 in Short Blades
  6937 | D:8      | Found a glowing golden altar of the Shining One.
  6937 | D:8      | Found a basalt altar of Yredelemnul.
  6989 | D:8      | Found Jozxous's Jewellery Boutique.
  7166 | D:8      | Noticed Maggie
  7178 | D:8      | Killed Maggie
  7179 | D:8      | Reached skill level 6 in Axes
  7385 | D:8      | Noticed a profane servitor
  7480 | D:8      | Found a staircase to the Lair.
  7494 | D:8      | Noticed Psyche
  7494 | D:8      | Noticed Maurice
  7505 | Lair:1   | Entered Level 1 of the Lair of Beasts
  7528 | Lair:1   | Noticed a cane toad
  7543 | Lair:1   | Noticed a cane toad
  7553 | Lair:1   | Killed a cane toad
  7558 | Lair:1   | Killed a cane toad
  7559 | Lair:1   | Reached XP level 11. HP: 39/87 MP: 11/11
  7778 | Lair:1   | Reached skill level 7 in Axes
  8185 | Lair:1   | Noticed Harold
  8223 | Lair:1   | Noticed Nergalle
  8324 | D:8      | Killed Psyche
  8355 | D:8      | Maurice stole 30 poisoned darts
  8358 | D:8      | Maurice stole 96 gold
  8359 | D:8      | Killed Maurice
  9128 | D:9      | Reached skill level 8 in Axes
  9260 | D:9      | Found Nagaext's Lightly-Used Armoury.
  9310 | D:9      | Noticed a two-headed ogre
  9315 | D:9      | Killed a two-headed ogre
  9586 | D:10     | Entered Level 10 of the Dungeon
  9737 | D:10     | Reached XP level 12. HP: 83/97 MP: 12/12
  9941 | D:10     | Noticed Sonja
 10023 | Lair:1   | Noticed a boulder beetle
 10277 | D:11     | Noticed a two-headed ogre
 10281 | D:11     | Killed a two-headed ogre
 10343 | D:11     | Reached skill level 10 in Fighting
 11154 | D:11     | Noticed a two-headed ogre
 11161 | D:11     | Killed a two-headed ogre
 11162 | D:11     | Reached skill level 9 in Axes
 11735 | D:12     | Noticed a two-headed ogre
 12468 | D:13     | Noticed a centaur warrior
 12521 | D:13     | Noticed a centaur warrior
 12529 | D:13     | Killed a centaur warrior
 12697 | D:12     | Reached skill level 10 in Axes
 13194 | D:14     | Found Duepuz Ihow's Weapon Shop.
 13217 | D:14     | Identified the +8 war axe of the Stork {protect, rElec
                  | Str+4}
 13525 | D:13     | Killed a centaur warrior
 13844 | D:13     | Noticed a boulder beetle
 13865 | D:13     | Killed a boulder beetle
 14106 | D:10     | You fall into a shaft and drop 1 floor!
 14172 | D:10     | Reached XP level 13. HP: 42/103 MP: 13/13
 14192 | D:11     | Identified a scroll of acquirement
 14192 | D:11     | Acquired a manual of Fighting
 14371 | D:11     | Killed Sonja
 14589 | D:10     | Reached skill level 11 in Axes
 14676 | D:10     | Found a staircase to the Orcish Mines.
 14868 | Orc:1    | Entered Level 1 of the Orcish Mines
 15311 | Orc:1    | Found a runed translucent door.
 15315 | Orc:1    | Noticed Jaeprux's ghost (journeyman MiFi)
 15390 | Orc:1    | Found Uxta's Assorted Antiques.
 15418 | Orc:1    | Bought a scroll of teleportation for 81 gold pieces
 15418 | Orc:1    | Bought a potion of heal wounds for 135 gold pieces
 15574 | Orc:2    | Entered Level 2 of the Orcish Mines
 15581 | Orc:2    | Found a burning altar of Makhleb.
 15585 | Orc:2    | Paralysed by an orc sorcerer for 3 turns
 16189 | Orc:1    | Mangled by Jaeprux's ghost

Illustrated notes

Levels and vault maps discovered:
D:1:      eino_arrival_water_star, layout_loops_ring, minmay_bisected
D:2:      layout_basic
D:3:      layout_loops_ring, chequers_ecumenical_altar_simple_redux,
          serial_shops, shop, serial_undead, serial_undead_b, serial_undead_c,
          serial_undead_f, serial_undead_c, minmay_pentangle
D:4:      layout_rooms, minmay_manual_mess, uniq_sigmund, uniq_menkaure
D:5:      layout_layer_cave, lemuel_temple_firewalk_b, mrwooster_statue_mirror,
          uniq_blork_the_orc, uniq_eustachio
D:6:      layout_cave_pools, amcnicky_mini_pool_small
D:7:      layout_rooms, minmay_tree_intersection
D:8:      layout_basic, grunt_temple_overflow_holy_war,
          gammafunk_temple_overflow_elements, hellmonk_lair_entry_icy,
          serial_shops, shop, uniq_maggie, uniq_psyche, uniq_maurice,
          uniq_jeremiah
D:9:      layout_loops_ring, minmay_shop_damaged
D:10:     layout_cave_pools, kennysheep_orc_monster_closet_entryway,
          kennysheep_generic_room_14, uniq_sonja
D:11:     layout_basic
D:12:     layout_loops_cross, serial_ice, serial_ice_e, serial_ice_o,
          serial_ice_d, serial_ice_n, abandoned_shop, minmay_between
D:13:     layout_basic, hellmonk_vaults_attempted_burglary, nicolae_benzene_ring
D:14:     layout_irregular_city, hangedman_abyss_or_decor_jellyfish_corner,
          serial_shops, nicolae_shop_behind_doors, ashenzari_altar_1
Temple:   nicolae_temple_two_arcs
Lair:1:   layout_cave_pods, uniq_nergalle, uniq_harold
Orc:1:    layout_caves, ebering_ghost_inner_flame, serial_shops,
          nicolae_shop_tiny_glass
Orc:2:    grunt_orc_cross, layout_caves, basic_altar,
          regret_index_minedec_shroomtown_chain, nicolae_shop_clearance

Skill      XL: |  1  2  3  4  5  6  7  8  9 10 11 12 13 |
---------------+----------------------------------------+-----
Dodging        | 1 2 3 4 5 7 8 9 |  9.1
Stealth        | 1 2 |  2.0
Axes           | 1 2 3 4 5 6 8 10 11 | 11.4
Armour         | 2 3 4 5 6 7 8 9 |  9.3
Fighting       | 2 3 5 6 8 9 10 | 10.2
Short Blades   | 1 2 3 4 5 |  5.2
Evocations     | 5 6 7 8 9 |  9.5

Action                     |  1- 3 |  4- 6 |  7- 9 | 10-12 | 13-15 || total
---------------------------+-------+-------+-------+-------+-------++-------
  Melee: Dagger            |    84 |       |       |       |       ||    84
         War axe           |    76 |    90 |   150 |   434 |   142 ||   892
         Club              |     1 |       |       |       |       ||     1
         Rapier            |     2 |   102 |   161 |   445 |   136 ||   846
         Unarmed           |       |     7 |     1 |     2 |     4 ||    14
  Evoke: Wand              |       |       |     4 |    31 |       ||    35
    Use: Scroll            |       |     2 |     4 |    13 |     7 ||    26
         Potion            |       |       |     1 |     5 |       ||     6
   Stab: Sleeping          |     4 |     3 |     1 |       |     1 ||     9
         Distracted        |       |       |       |     1 |       ||     1
         Confused          |       |       |       |       |     1 ||     1
 Armour: Leather armour    |    92 |    80 |   157 |   476 |   150 ||   955
         Skin              |       |     1 |       |     2 |     1 ||     4
  Dodge: Dodged            |    51 |    64 |   133 |   448 |   193 ||   889

Table legend: (Time is in decaauts)
 A = Elapsed time spent in this place.
 B = Non-inter-level travel time spent in this place.
 C = Inter-level travel time spent in this place.
 D = Time resting spent in this place.
 E = Time spent auto-exploring this place.
 F = Levels seen in this place.
 G = Mean time per level.
                   A        B        C        D        E       F      G
               +--------+--------+--------+--------+--------+-----+--------+
         Total |  16302 |  15600 |    702 |   3126 |   8157 |  18 |  905.7 |
       Dungeon |  14510 |  13809 |    701 |   2474 |   7642 |  14 | 1036.4 |
        Temple |     26 |     26 |      0 |      0 |      0 |   1 |   26.0 |
          Lair |    786 |    785 |      1 |    344 |    171 |   1 |  786.0 |
  Orcish Mines |    978 |    978 |      0 |    308 |    344 |   2 |  489.0 |
               +--------+--------+--------+--------+--------+-----+--------+

Top non-repeatable levels by time:
    D:11: 1798 daAuts
     D:5: 1457 daAuts
     D:9: 1410 daAuts
    D:12: 1400 daAuts
     D:8: 1392 daAuts
    D:10: 1167 daAuts
     D:1: 1011 daAuts
     D:6: 972 daAuts
     D:7: 905 daAuts
     D:4: 823 daAuts
     D:3: 793 daAuts
  Lair:1: 786 daAuts
   Orc:1: 751 daAuts
    D:13: 533 daAuts
     D:2: 521 daAuts
